 Dungeon Crawl Stone Soup version 0.17-a0-1504-gb7d9117 (webtiles) character file.

111 namelastname112 the Magician (level 4, -5/33 HPs)
             Began as a Draconian Wizard on July 9, 2015.
             Killed by divine providence
             ... invoked by an orc priest
              (11 damage)
             ... on level 3 of the Dungeon.
             The game lasted 00:03:08 (2083 turns).

namelastname112 the Magician (Draconian Wizard)     Turns: 2083, Time: 00:03:08

Health: -5/33      AC:  6    Str: 10    XL:     4   Next: 62%
Magic:  0/10       EV: 12    Int: 24    God:
Gold:   125        SH:  0    Dex:  9    Spells: 1 memorised, 10 levels left

rFire  . . .     SeeInvis .     v - +2 quarterstaff (chaos)
rCold  . . .     Clarity  .     (armour unavailable)
rNeg   . . .     SustAt   .     (no shield)
rPois  .         Gourm    .     a - +0 hat
rElec  .         Spirit   .     w - +0 cloak
rCorr  .         Warding  .     (no gloves)
rMut   .         Stasis   .     (no boots)
MR     .....                    s - amulet of rage
Stlth  +.........               (no ring)
                                (no ring)

@: brilliant, not resistant to hostile enchantments, very unstealthy
A: unfitting armour, cold-blooded, AC +5
a: Evoke Berserk Rage


You were on level 3 of the Dungeon.
You were not hungry.

You visited 1 branch of the dungeon, and saw 3 of its levels.

You collected 125 gold pieces.

Inventory:

Hand weapons
 v - a +2 quarterstaff of chaos (weapon)
Armour
 a - a +0 hat (worn)
 w - a +0 cloak (worn)
Jewellery
 s - an amulet of rage (around neck)
Scrolls
 k - a scroll of remove curse {unknown}
 l - a scroll of fear {unknown}
 o - a scroll of immolation {unknown}
 p - a scroll of magic mapping {unknown}
 q - a scroll of recharging {unknown}
 u - a scroll of teleportation {unknown}
Potions
 e - a potion of might {unknown}
 f - a potion of curing {unknown}
 g - a potion of brilliance
 i - a potion of degeneration {unknown}
 j - a potion of flight {unknown}
 n - a potion of invisibility {unknown}
Books
 b - a book of Minor Magic

   Spells                             Type                      Level
   a - Magic Dart                     Conjuration                  1
   b - Blink                          Translocation                2
   c - Call Imp                       Summoning                    2
   d - Repel Missiles                 Charms/Air                   2
   e - Slow                           Hexes                        2
   f - Conjure Flame                  Conjuration/Fire             3
   g - Mephitic Cloud                 Conjuration/Poison/Air       3
Comestibles
 c - 4 fruits
 d - 2 chunks of flesh
 h - 2 bread rations
 m - a meat ration
 r - a royal jelly


   Skills:
 - Level 1.7 Dodging
 - Level 1.7 Stealth
 + Level 4.2 Spellcasting
 + Level 3.1 Conjurations
   Level 1.0 Summonings
   Level 1.0 Translocations


You had 10 spell levels left.
You knew the following spells:

 Your Spells              Type           Power        Failure   Level  Hunger
z - Magic Dart            Conj           ####         1%          1    None


Dungeon Overview and Level Annotations

Branches:
Dungeon (3/15)

Altars:
Nemelex Xobeh


Innate Abilities, Weirdness & Mutations

Your plain brown scales are hard (AC +5).
Your body does not fit into most forms of armour.
You are cold-blooded and may be slowed by cold attacks.


Message History

The magic dart hits the orc.
The orc is severely wounded.
The orc priest invokes the aid of Beogh against you.
Something smites you!
* * * LOW HITPOINT WARNING * * *
Casting: Magic Dart
Confirm with . or Enter, or press ? or * to list all spells.
You don't have enough magic to cast that spell.
Casting: Magic Dart
Confirm with . or Enter, or press ? or * to list all spells.
You don't have enough magic to cast that spell.
Casting: Magic Dart
Confirm with . or Enter, or press ? or * to list all spells.
You don't have enough magic to cast that spell.
Drink which item? (? for menu, Esc to quit)
It was a potion of brilliance.
You feel clever all of a sudden.
The orc priest calls down the wrath of Beogh upon you.
Something smites you!
You die...

.♣♣ #.##............ ÷♣
#.##............ ♣♣
#.###........... ## #.#
##......... .#
####)####.......# .#
#.......#.......# .#
#.......#.......## ##
...###...>...#........##
#..)o.o@######.....<..<#
o....#### ##.....##.#
#.#.. ##.#### # ## #..#
#.## #. ..


You could see an orc priest and 2 orcs.

Vanquished Creatures
  Crazy Yiuf (D:3)
  An adder (D:3)
  2 oozes
  2 worms (D:2)
  4 giant geckos
  4 orcs (D:3)
  A ball python (D:2)
  6 bats
  A giant cockroach (D:2)
  4 goblins
  7 hobgoblins
  5 jackals
  5 kobolds
  5 giant newts
  3 rats
51 creatures vanquished.

Notes
Turn   | Place    | Note
--------------------------------------------------------------
     0 | D:1      | namelastname112 the Draconian Wizard began the quest for the Orb.
     0 | D:1      | Reached XP level 1. HP: 14/14 MP: 4/4
   425 | D:1      | Reached XP level 2. HP: 15/20 MP: 0/6
  1262 | D:2      | Found a sparkling altar of Nemelex Xobeh.
  1265 | D:2      | Reached XP level 3. HP: 26/26 MP: 4/8
  1736 | D:3      | Reached XP level 4. HP: 24/33 MP: 0/9
  1819 | D:3      | Reached skill level 4 in Spellcasting
  1857 | D:3      | Noticed Crazy Yiuf
  1870 | D:3      | Killed Crazy Yiuf
  2083 | D:3      | Killed from afar by an orc priest

Vault maps used:
D:1:      roderic_crossed_star
D:2:      nemelex_xobeh_ov_fountains_minmay
D:3:      first_bread, vehumet_altar_wand_db, uniq_crazy_yiuf_cottage

Action                   |  1- 3 |  4- 6 || total
-------------------------+-------+-------++-------
Melee: Spear             |   115 |     3 ||   118
       Quarterstaff      |       |    13 ||    13
 Cast: Magic Dart        |    52 |    25 ||    77
  Use: Potion            |       |     1 ||     1
 Stab: Sleeping          |     2 |       ||     2
       Distracted        |     1 |       ||     1
  Eat: Bread ration      |     1 |       ||     1
       Chunk             |     2 |     2 ||     4
